 Dungeon Crawl Stone Soup version 0.21-a0-401-g0b6bec4 (webtiles) character file.

93 Kavrick the Shield-Bearer (level 4, -1/24 HPs)
             Began as a Vine Stalker Fighter on Oct 21, 2017.
             Succumbed to kobold's curare-tipped needle
             ... on level 3 of the Dungeon.
             The game lasted 00:02:57 (2315 turns).

Kavrick the Shield-Bearer (Vine Stalker Fighter)    Turns: 2315, Time: 00:02:58

Health: -1/24      AC: 10    Str: 18    XL:     4   Next: 62%
Magic:  1/5        EV:  5    Int:  8    God:
Gold:   61         SH:  9    Dex: 15    Spells: 3/3 levels left

rFire    . . .     SeeInvis .     - Unarmed
rCold    . . .     Gourm    .   b - +0 shield
rNeg     . . .     Faith    .   k - +0 chain mail
rPois    .         Spirit   +   (no helmet)
rElec    .         Reflect  .   (no cloak)
rCorr    .         Harm     .   s - +0 pair of gloves
MR       .....                  (no boots)
Stlth    ..........             (no amulet)
HPRegen  0.48/turn              (no ring)
MPRegen  0.09/turn              (no ring)

@: lethally poisoned (-1 -> -8), slowed, very slow
A: fangs 2, regeneration 1, magic shield, antimagic bite, no potion heal 3, rot
immunity
a: no special abilities


You were on level 3 of the Dungeon.
You were hungry.

You visited 1 branch of the dungeon, and saw 3 of its levels.

You collected 61 gold pieces.

Inventory:

Armour
 b - a +0 shield (worn)
 k - a +0 chain mail (worn)
 s - a +0 pair of gloves (worn)
Jewellery
 h - a +4 ring of evasion {unknown}
Scrolls
 f - a scroll of magic mapping {unknown}
 g - 2 scrolls of remove curse {unknown}
 i - a scroll of recharging {unknown}
 j - a scroll of blinking {unknown}
 l - 2 scrolls of amnesia {unknown}
 o - a scroll of fear {unknown}
 p - 2 scrolls of teleportation {unknown}
Potions
 c - 2 potions of might
 e - 2 potions of mutation {unknown}
 n - a potion of brilliance {unknown}
 r - a potion of curing {unknown}
Comestibles
 a - 2 royal jellies
 d - 3 bread rations
 m - 3 chunks of flesh
 q - a meat ration


   Skills:
 + Level 3.1 Fighting
 + Level 2.9 Armour
 + Level 1.1 Dodging
 + Level 3.1 Shields
 * Level 3.0 Unarmed Combat


You had 3 spell levels left.
You didn't know any spells.

Dungeon Overview and Level Annotations

Branches:
Dungeon (3/15)

Altars:
Kikubaaqudgha


Innate Abilities, Weirdness & Mutations

You have extremely sharp teeth.
Your natural rate of healing is unusually fast.
When hurt, damage is shared between your health and your magic reserves.
Your bite disrupts and absorbs the magic of your enemies.
Potions cannot restore your health.
You are immune to rotting.


Message History

Reactivating autopickup.
The kobold shoots a curare-tipped needle.
The curare-tipped needle hits you.
You are lethally poisoned!
You have difficulty breathing.
* * * LOW HITPOINT WARNING * * *
You feel as though you will be slow longer.
* * * LOW HITPOINT WARNING * * *
You feel sick.
The kobold unwields an uncursed blowgun.
The kobold wields an uncursed short sword.
The kobold hits you with an uncursed short sword.
* * * LOW HITPOINT WARNING * * *
Items here: $ ( ) † a curare-tipped needle; a club; 10 gold pieces; a goblin corpse
* * * LOW HITPOINT WARNING * * *
You feel sick.
The kobold hits you with an uncursed short sword.
* * * LOW HITPOINT WARNING * * *
You die...

##.####.# . ##)##
...#####.[.#### #####
#...........# ....##
#.####...##.# ....#
#.# ##.## # ###..#
#.## #.#.#
(.#..####..# ##..#
#..))......#####@#
...###.###....(..#
#..# #.# #..###K.#
#..###+###..# #..#
#....'_'....# #..#
#..#######.## #..# ##.
...# ###
#.####(.##..... ...#
### #....((.....#
#..........####..###K#


You could see a kobold.

Vanquished Creatures
  4 adders (D:2)
  2 oozes (D:1)
  A worm (D:2)
  A dart slug (D:2)
  6 bats
  3 giant cockroaches
  5 hobgoblins
  3 jackals
  8 kobolds
  A frilled lizard (D:3)
  5 goblins
  3 rats
42 creatures vanquished.

Vanquished Creatures (others)
  A goblin (D:3)
1 creature vanquished.

Grand Total: 43 creatures vanquished

Notes
Turn   | Place    | Note
-------+----------+-------------------------------------------
     0 | D:1      | Kavrick the Vine Stalker Fighter began the quest for the Orb.
     0 | D:1      | Reached XP level 1. HP: 11/11 MP: 2/2
   192 | D:1      | Reached XP level 2. HP: 11/16 MP: 3/3
   642 | D:1      | Reached XP level 3. HP: 19/19 MP: 4/4
  1853 | D:2      | Reached skill level 1 in Dodging
  1853 | D:2      | Gained mutation: Your natural rate of healing is unusually fast. [Vine Stalker growth]
  1853 | D:2      | Reached XP level 4. HP: 19/24 MP: 5/5
  2282 | D:3      | Found an ancient bone altar of Kikubaaqudgha.
  2315 | D:3      | Succumbed to kobold's curare-tipped needle

Vault maps used:
D:1:      lightli_arrival_chessboard, amethyst_killhole, minmay_misc_feat_iff
D:2:      first_bread, minivault_5
D:3:      lemuel_doored_altar, old_standard_altar

Skill      XL: |  1  2  3  4 |
---------------+-------------+-----
Fighting       | 3 |  3.1
Shields        | 3 |  3.1
Dodging        | 1 |  1.1
Unarmed Combat | 3 |  3.0
Armour         | |  2.9

Action                   |  1- 3 |  4- 6 || total
-------------------------+-------+-------++-------
Melee: Unarmed           |   111 |    65 ||   176
       Bite              |    35 |    21 ||    56
  Eat: Chunk             |     3 |     1 ||     4
Armor: Scale mail        |    11 |       ||    11
       Chain mail        |    45 |    39 ||    84
Dodge: Dodged            |    28 |    15 ||    43
Block: Shield            |    42 |    44 ||    86

Table legend:
 A = Spawn XP
 B = Non-spawn XP
 C = Spawn XP percentage of total XP
 D = Spawn monster count
 E = Non-spawn monster count
 F = Spawn count percentage of total count
 G = Total turns spent on level
                    A         B        C        D         E        F      G
               +---------+---------+-------+---------+---------+-------+---------
         Total |       0 |     134 |   0.0 |       0 |      42 |   0.0 |  2315
               +---------+---------+-------+---------+---------+-------+---------
           D:1 |       0 |      34 |   0.0 |       0 |      14 |   0.0 |  1065
           D:2 |       0 |      86 |   0.0 |       0 |      20 |   0.0 |  1161
           D:3 |       0 |      14 |   0.0 |       0 |       8 |   0.0 |    89
               +---------+---------+-------+---------+---------+-------+---------
